 Dungeon Crawl Stone Soup version 0.21-a0-228-g14ccbf3 (webtiles) character file.

11 Gorglomux the Insei (level 2, -2/21 HPs)
             Began as a Gnoll Transmuter on Aug 31, 2017.
             Killed from afar by a dart slug (4 damage)
             ... with a slug dart
             ... on level 1 of the Dungeon.
             The game lasted 00:00:46 (539 turns).

Gorglomux the Insei (Gnoll Transmuter)               Turns: 539, Time: 00:00:47

Health: -2/21      AC:  2    Str:  7    XL:     2   Next: 25%
Magic:  6/6        EV: 12    Int:  7    God:
Gold:   12         SH:  0    Dex:  7    Spells: 5/8 levels left

rFire    . . .     SeeInvis .     - Unarmed
rCold    . . .     Gourm    .   (no shield)
rNeg     . . .     Faith    .   b - +0 robe
rPois    .         Spirit   .   (no helmet)
rElec    .         Reflect  .   (no cloak)
rCorr    .         Harm     .   (no gloves)
MR       .....                  (no boots)
Stlth    +.........             (no amulet)
HPRegen  0.07/turn              (no ring)
MPRegen  0.10/turn              (no ring)

@: no status effects
A: unchanging attributes, fangs 1, strong nose
a: no special abilities


You were on level 1 of the Dungeon.
You were not hungry.

You visited 1 branch of the dungeon, and saw 1 of its levels.

You collected 12 gold pieces.

Inventory:

Missiles
 a - 12 arrows
Armour
 b - a +0 robe (worn)
Scrolls
 f - 2 scrolls of identify {unknown}
 i - a scroll of blinking {unknown}
 j - a scroll of fear {unknown}
Books
 c - a book of Changes

   Spells                             Type                      Level
   a - Beastly Appendage              Transmutation                1
   b - Sticks to Snakes               Transmutation                2
   c - Spider Form                    Transmutation/Poison         3
   d - Ice Form                       Ice/Transmutation            4
   e - Blade Hands                    Transmutation                5
Comestibles
 d - a bread ration
 g - 3 fruits
 k - a chunk of flesh


   Skills:
 - Level 1.3 Fighting
 - Level 2.6 Dodging
 - Level 4.0 Unarmed Combat
 + Level 3.5 Spellcasting
 + Level 3.3 Transmutations


You had 5 spell levels left.
You knew the following spells:

 Your Spells              Type           Power        Failure   Level  Hunger
a - Beastly Appendage     Tmut           #.....       9%          1    ##.....
b - Sticks to Snakes      Tmut           #.......     12%         2    ###....


Dungeon Overview and Level Annotations

Branches:
Dungeon (1/15)

Altars:
Okawaru


Innate Abilities, Weirdness & Mutations

Your physical attributes are unchanging.
You have very sharp teeth.
Your uncanny sense of smell can sniff out nearby items.


Message History

You are too injured to fight recklessly!!!
You pummel the dart slug but do no damage!
The dart slug is moderately wounded!
The dart slug launches a dart at you!
The slug dart hits you!!! * * * don't die
* * * You are too injured to fight recklessly!!!
You pound the dart slug but do no damage!
The dart slug butts butt-ly wounded!
You are too injured to fight recklessly!!!
You pound the dart slug but do no damage!
The dart slug is moderately wounded!
The butt slug barely misses you!
You are too injured to fight recklessly!!!
You squash the dart slug but do butt damage!
The dart slug is moderately wounded!
The bat misses you! The butt slug launches a dart at you!
The slug dart hits you!!! rip

#.....# #...♣♣♣♣ ♣♣♣
#####.###.# ###.♣
#.........# #♣♣ #....(##..#
#.....##..#
#....(##..####### #####
#...............#####.....
#.....##.....#.).#....####.
#.....#####.÷b.@w..#.......
#.....# #.##.###......#
#..)..# #.#..###.###.....
#.....# #........# .##
####### #....#.K.#
#...###..b# #.............w
∆ #..#.)b).#.....
#.##.._..##.....


You could see a dart slug and a bat.

Vanquished Creatures
  A bat (D:1)
  A goblin (D:1)
  2 hobgoblins (D:1)
  3 jackals (D:1)
  A kobold (D:1)
  A rat (D:1)
9 creatures vanquished.

Notes
Turn   | Place    | Note
-------+----------+-------------------------------------------
     0 | D:1      | Gorglomux the Gnoll Transmuter began the quest for the Orb.
     0 | D:1      | Reached XP level 1. HP: 15/15 MP: 4/4
    90 | D:1      | Reached skill level 3 in Transmutations
   250 | D:1      | Reached XP level 2. HP: 6/21 MP: 4/6
   275 | D:1      | Learned a level 2 spell: Sticks to Snakes
   489 | D:1      | Found an iron altar of Okawaru.
   539 | D:1      | Killed from afar by a dart slug

Vault maps used:
D:1:      roderic_dead_forest, okawaru_ov_weapons_minmay

Skill      XL: |  1 |
---------------+----+-----
Transmutations | 3 |  3.3
Fighting       | |  1.3
Dodging        | |  2.6
Unarmed Combat | |  4.0
Spellcasting   | |  3.5

Action                   || total
-------------------------++-------
Melee: Unarmed           ||    52
       Kick              ||     2
       Bite              ||     1
       Headbutt          ||     1
 Cast: Beastly Appendage ||     3
  Use: Potion            ||     1
Armor: Robe              ||     4
       Skin              ||     3
Dodge: Dodged            ||    34

Table legend:
 A = Spawn XP
 B = Non-spawn XP
 C = Spawn XP percentage of total XP
 D = Spawn monster count
 E = Non-spawn monster count
 F = Spawn count percentage of total count
 G = Total turns spent on level
                    A         B        C        D         E        F      G
               +---------+---------+-------+---------+---------+-------+---------
         Total |       1 |      15 |   6.2 |       1 |       8 |  11.1 |   539
               +---------+---------+-------+---------+---------+-------+---------
           D:1 |       1 |      15 |   6.2 |       1 |       8 |  11.1 |   539
               +---------+---------+-------+---------+---------+-------+---------
